 Dungeon Crawl Stone Soup version 0.18.1-48-g4cf74bf (webtiles) character file.

49 rlgrobin the Insei (level 3, -2/29 HPs)
             Began as a Mummy Monk on Sept 2, 2016.
             Killed from afar by appiemonkey's ghost (10 damage)
             ... with a rocky blast
             ... on level 3 of the Dungeon.
             The game lasted 00:03:38 (2257 turns).

rlgrobin the Insei (Mummy Monk)                     Turns: 2257, Time: 00:03:38

Health: -2/29      AC:  1    Str: 14    XL:     3   Next: 53%
Magic:  3/3        EV: 13    Int:  9    God:
Gold:   89         SH:  0    Dex: 15    Spells: 0 memorised, 2 levels left

rFire  . . .     SeeInvis .       - Unarmed
rCold  . . .     Gourm    .     (no armour)
rNeg   + + +     Faith    .     (no shield)
rPois  ∞         Spirit   .     j - +0 helmet
rElec  .         Dismiss  .     (no cloak)
rCorr  .         Reflect  .     (no gloves)
SustAt +         Harm     .     (no boots)
MR     .....                    (no amulet)
Stlth  ++........               b - ring of sustain attributes
                                d - ring of fire

@: not resistant to hostile enchantments, unstealthy
A: no food or potions, fire vulnerability, cold resistance 1, negative energy
resistance 3, torment resistance, unbreathing
a: no special abilities


You were on level 3 of the Dungeon.
You were not hungry.

You visited 1 branch of the dungeon, and saw 3 of its levels.

You collected 89 gold pieces.


Innate Abilities, Weirdness & Mutations

You do not eat or drink.
Your flesh is vulnerable to fire.
You are immune to poison.
Your flesh is cold resistant.
You are immune to negative energy.
You are immune to unholy pain and torment.
You can survive without breathing.


   Skills:
 - Level 3.0 Fighting
 - Level 2.4 Dodging
 - Level 1.5 Stealth
 + Level 4.4 Unarmed Combat


You had 2 spell levels left.
You didn't know any spells.

Inventory:

Armour
 j - a +0 helmet (worn)
Jewellery
 b - a ring of sustain attributes (right hand)
 d - a ring of fire (left hand)
Scrolls
 a - a scroll of remove curse
 c - a scroll of noise {unknown}
 e - a scroll of enchant weapon {unknown}
 f - 3 scrolls of teleportation {unknown}
 g - a scroll of fear {unknown}
 h - a scroll of amnesia {unknown}
 i - 2 scrolls of identify {unknown}

Dungeon Overview and Level Annotations

Branches:
Dungeon (3/15)

Altars:
Xom
The Shining One

Annotations:
D:3 exclusion: skeleton, appiemonkey's ghost, amateur GrEE

▒.........)).
▒▒▒▒▒▒'▒▒▒▒▒▒ +... ▒.▒
.... ▒.▒ #≈# .. ▒.▒ ▒##▒
.▒ ▒.▒ .# ▒##▒▒▒▒▒▒▒▒.▒
▒.▒
▒▒▒≈.#▒▒▒≈#.........▒
▒.▒ ##≈≈≈≈≈.#≈≈≈≈...M>▒
▒..▒ ▒.▒
#.............W▒▒▒▒ ▒..▒
▒.▒
##≈≈≈≈≈.≈≈≈≈≈..▒▒▒▒▒▒..▒
▒.▒ #.≈▒
▒≈.≈▒▒▒≈..▒.......▒ ▒.▒
≈#≈▒ ▒≈.≈▒
▒≈.▒▒.▒▒▒▒.▒▒▒▒.▒
#.≈▒▒▒≈.≈▒▒▒≈.▒▒.▒
▒......▒
#.≈≈≈≈≈.≈≈≈≈#.▒▒.▒
▒...▒▒▒▒
....†.........▒▒.▒ ▒...▒
≈.≈≈≈≈≈.≈#≈###▒▒.▒ ▒...▒


You could see appiemonkey's ghost.


Message History

You now have 89 gold pieces (gained 8)!
i - 2 scrolls labeled IFIRUM ISOACAX (gained 1)
A water moccasin skeleton comes into view!
A ball python comes into view!
Read which item? (? for menu, Esc to quit)
Okay, then!
The ball python misses you! The ball python grabs you!
The ball python constricts you!
You pulverise the ball python!!!
You annihilate the ball python!!!
No target in view!!!
No target in view!!!
You see here a ball python corpse!
HP restored!
Appiemonkey's ghost (amateur Gargoyle Earth Elementalist) comes into view!
Appiemonkey's ghost turns its malevolent gaze towards you!
Appiemonkey's ghost is nearby!!!
Here: appiemonkey's ghost (black smoke)
The floor!
Appiemonkey's ghost casts a spell at you!
The rocky blast hits you!!!
You see here a ball python corpse!
Appiemonkey's ghost casts a spell at you!
The rocky blast hits you!!! * * * don't die
* * * Appiemonkey's ghost shrieks, "You must not succeed where I failed!!!"
Found a stone staircase leading down!
Appiemonkey's ghost points at you and mumbles some strange words!
The rocky blast hits you!!! rip

Action                   || total
-------------------------++-------
Melee: Unarmed           ||   100
       Punch             ||     2
  Use: Scroll            ||     1
 Stab: Sleeping          ||     3
Armor: Skin              ||     3
Dodge: Dodged            ||    74

Vault maps used:
D:1:      grunt_arrival_lava_bath
D:2:      nicolae_overflow_hidden_temple, tso_metal_star
D:3:      minmay_misc_feat_encased, kennysheep_boxes, uniq_terence, uniq_robin,
          uniq_jessica, uniq_grinder

Notes
Turn   | Place    | Note
--------------------------------------------------------------
     0 | D:1      | rlgrobin the Mummy Monk began the quest for the Orb.
     0 | D:1      | Reached XP level 1. HP: 18/18 MP: 1/1
   283 | D:1      | Reached XP level 2. HP: 22/24 MP: 2/2
   735 | D:2      | Found a shimmering altar of Xom.
  1104 | D:2      | Found a glowing golden altar of the Shining One.
  1492 | D:2      | Reached skill level 4 in Unarmed Combat
  1786 | D:2      | Reached XP level 3. HP: 12/29 MP: 3/3
  2233 | D:3      | Noticed appiemonkey's ghost (amateur GrEE)
  2257 | D:3      | Killed from afar by appiemonkey's ghost

Vanquished Creatures
  2 adders (D:2)
  A worm (D:2)
  A dart slug (D:1)
  A giant gecko (D:2)
  2 ball pythons
  3 goblins
  A hobgoblin (D:1)
  2 jackals (D:2)
  A quokka (D:2)
  6 bats
  2 giant newts
  3 kobolds
  A rat (D:1)
26 creatures vanquished.
